details: 'lulz'

« prev index next »

General information

Mini Map

Players

team 1
Humanb0lt (pink | 101 APM | 2906 actions | 28:38)
Hero icon 5 Archmage
Ability icon 3 Summon Water Elemental
Ability icon 2 Blizzard
Hero icon 6 Mountain King
Ability icon 3 Storm Bolt
Ability icon 2 Bash
Ability icon 1 Avatar

» actions
Assign group hotkey38
Basic commands10
Build / train62
ESC pressed1
Enter build submenu24
Enter hero's abilities submenu11
Remove unit from queue1
Right click1447
Select / deselect576
Select group hotkey658
Use ability77
2906 total
» units
Peasant7
Rifleman19
Priest7
Sorceress1
34 total
» upgrades
Lumber Harvesting1
Long Rifles1
Priest Training1
Sorceress Training1
4 total
» buildings
Altar of Kings1
Farm10
Blacksmith1
Barracks1
Scout Tower2
Arcane Tower1
Lumber Mill2
Keep1
Arcane Vault1
Arcane Sanctum2
Town Hall1
23 total
» build order
00:07 Altar of Kings
00:10 Farm
00:37 Blacksmith
00:58 Barracks
01:23 Farm
03:15 Farm
03:41 Scout Tower
03:50 Farm
04:22 Arcane Tower
04:52 Farm
05:17 Farm
06:19 Lumber Mill
06:21 Lumber Mill
07:02 Keep
08:02 Farm
08:10 Arcane Vault
08:30 Farm
11:21 Arcane Sanctum
13:31 Arcane Sanctum
15:54 Farm
16:07 Farm
24:12 Town Hall
27:40 Scout Tower
» items
Scroll of Regeneration2
Lesser Clarity Potion2
Potion of Healing1
5 total
team 2
OrcGhandgarspipe (orange | 46 APM | 1329 actions | 28:37)
Hero icon 5 Blademaster
Ability icon 1 Wind Walk
Ability icon 3 Mirror Image
Ability icon 1 Critical Strike
Hero icon 3 Shadow Hunter
Ability icon 2 Healing Wave
Ability icon 1 Serpent Ward

» actions
Basic commands2
Build / train81
Enter build submenu34
Enter hero's abilities submenu8
Give item / drop item1
Remove unit from queue1
Right click669
Select / deselect430
Use ability103
1329 total
» units
Peon21
Grunt14
Troll Witch Doctor7
Spirit Walker3
Tauren7
52 total
» upgrades
Berserker Strength1
Pillage1
Witch Doctor Training2
Armor1
Spirit Walker Training2
Spiked Barricades1
8 total
» buildings
Altar of Storms2
Orc Burrow10
Barracks2
Stronghold1
Voodoo Lounge1
War Mill2
Spirit Lodge4
Fortress1
Tauren Totem1
Great Hall2
Watch Tower6
32 total
» build order
00:11 Altar of Storms
00:15 Orc Burrow
00:40 Barracks
01:36 Orc Burrow
02:41 Stronghold
02:54 Voodoo Lounge
04:43 Orc Burrow
04:49 War Mill
05:09 Spirit Lodge
05:59 Orc Burrow
07:43 Fortress
09:01 Orc Burrow
10:30 Tauren Totem
13:39 Great Hall
13:48 Spirit Lodge
14:13 Spirit Lodge
14:37 Watch Tower
15:55 Spirit Lodge
16:34 Watch Tower
19:27 Watch Tower
19:44 Orc Burrow
20:08 Orc Burrow
20:55 Altar of Storms
21:02 Orc Burrow
21:31 War Mill
21:41 Orc Burrow
22:25 Barracks
23:03 Watch Tower
23:07 Watch Tower
23:19 Watch Tower
24:51 Orc Burrow
25:14 Great Hall
» items
Healing Salve2
Scroll of Speed2
Lesser Clarity Potion2
Orb of Lightning1
Potion of Healing1
8 total